 Dungeon Crawl Stone Soup version 0.26-a0-966-gd078a86f14 (webtiles) character file.

Game seed: 11408695896570048001

2443 ALWAYSlose the Protected (level 9, -21/81 HPs)
             Began as a Minotaur Fighter on Dec 4, 2020.
             Was an Initiate of Ru.
             Killed from afar by a lava snake (44 damage)
             ... with an exploding inner flame
             ... on level 7 of the Dungeon.
             The game lasted 00:06:59 (7442 turns).

ALWAYSlose the Protected (Minotaur Fighter)         Turns: 7442, Time: 00:07:01

Health: -21/81     AC: 10    Str: 22    XL:     9   Next: 25%
Magic:  8/8        EV:  9    Int:  5    God:    Ru [......]
Gold:   374        SH: 12    Dex: 24    Spells: 8/8 levels left

rFire    . . .     SeeInvis .   M - +0 flail (venom)
rCold    . . .     Faith    .   c - +0 kite shield
rNeg     . . .     Spirit   .   N - +2 ring mail {MR+}
rPois    .         Reflect  .   (helmet restricted)
rElec    .         Harm     .   o - +0 cloak
rCorr    .         Rampage  .   (no gloves)
MR       +....                  (no boots)
Stlth    ..........             H - amulet of magic regeneration
HPRegen  0.23/turn              y - +6 ring of dexterity
MPRegen  0.36/turn              I - +6 ring of dexterity

@: no status effects
A: retaliatory headbutt, horns 2, no stealth
a: Renounce Religion


You were on level 7 of the Dungeon.
You worshipped Ru.
Ru was noncommittal.
You visited 1 branch of the dungeon, and saw 7 of its levels.

You collected 374 gold pieces.

Inventory:

Hand Weapons
 a - a +0 flail
 M - a +0 flail of venom (weapon)
Missiles
 f - 38 poisoned darts (quivered)
 v - 6 curare-tipped darts
 A - a throwing net
 G - 7 javelins
Armour
 c - a +0 kite shield (worn)
 o - a +0 cloak (worn)
 N - a +2 ring mail of magic resistance (worn)
Jewellery
 i - an uncursed ring of protection from cold
 r - a +6 ring of intelligence
 y - a +6 ring of dexterity (left hand)
 E - a +6 ring of intelligence
 H - an amulet of magic regeneration (around neck)
 I - a +6 ring of dexterity (right hand)
Wands
 u - a wand of polymorph (12)
 C - a wand of iceblast (10)
 L - a wand of acid (20)
Scrolls
 b - a scroll of immolation
 g - 2 scrolls of magic mapping {unknown}
 j - 5 scrolls of enchant armour {unknown}
 k - 8 scrolls of identify {unknown}
 n - 2 scrolls of fear {unknown}
 p - a scroll of noise {unknown}
 q - 8 scrolls of remove curse
 s - a scroll of enchant weapon {unknown}
 w - 2 scrolls of teleportation {unknown}
 F - 2 scrolls of blinking {unknown}
 K - a scroll of amnesia {unknown}
Potions
 d - a potion of might
 e - a potion of mutation {unknown}
 h - 3 potions of degeneration {unknown}
 l - 2 potions of heal wounds {unknown}
 m - 7 potions of curing {unknown}
 t - 3 potions of lignification {unknown}
 x - a potion of brilliance {unknown}
 z - a potion of attraction {unknown}
 B - a potion of magic {unknown}


   Skills:
 + Level 8.3 Fighting
 + Level 7.9 Maces & Flails
 + Level 8.3 Armour
 + Level 8.3 Shields


You had 8 spell levels left.
You didn't know any spells.
Your spell library contained the following spells:

 Spells                   Type           Power        Failure   Level
 Magic Dart               Conj           #...         88%         1
 Sandblast                Erth           #.....       88%         1
 Passwall                 Tmut/Erth      #.......     96%         2
 Poisonous Vapours        Pois/Air       #.....       96%         2
 Conjure Flame            Conj/Fire      #.......     99%         3
 Mephitic Cloud           Conj/Pois/Air  #.......     99%         3
 Stone Arrow              Conj/Erth      #.....       99%         3
 Petrify                  Tmut/Erth      #.......     100%        4
 Lee's Rapid Deconstruct  Erth           #.........   100%        5
 Freezing Cloud           Conj/Ice/Air   #.........   100%        6


Dungeon Overview and Level Annotations

Branches:
Dungeon (7/15)             Temple (0/1) D:4

Altars:
Ashenzari
Cheibriados
Fedhas
Gozag
Kikubaaqudgha
Makhleb
Okawaru
Qazlal
Ru
Sif Muna
Trog
Vehumet
Wu Jian
Yredelemnul
The Shining One


Innate Abilities, Weirdness & Mutations

You reflexively headbutt those who attack you in melee.
You have a pair of horns on your head.
You cannot be stealthy.


Message History

Unknown command.
You barely miss the lava snake. Your headbutt misses the lava snake.
The lava snake barely misses you. The lava snake spits lava at you.
The glob of lava hits you!
* * * LOW HITPOINT WARNING * * *
Unknown command.
As you read the scroll labelled XEOTUYSULE, it crumbles to dust.
The creatures around you are filled with an inner flame!
It was a scroll of immolation.
The lava snake barely misses you. The lava snake spits lava at you.
You block the glob of lava. The lava snake barely misses you.
You furiously retaliate!
You headbutt the lava snake!
The lava snake explodes!
The fiery explosion engulfs the lava snake.
The lava snake completely resists.
The fiery explosion engulfs the lava snake.
The lava snake completely resists.
The fiery explosion engulfs you!!!
Ouch! That really hurt!
You die...

#.# §§≈§≈§# #.##.......
#.## ≈≈≈≈≈≈≈§≈##
#.#####.... #..# §
≈≈≈≈≈≈§§≈###.##.......
##.# ≈§
≈§§§≈§§≈≈##.##.......
##.#
§≈≈≈§≈≈§§≈§≈≈#.##......#
##.#
§§≈≈≈≈≈≈§§≈≈≈#.##......#
##.#
#.§#≈§§§≈≈≈#..'......'
##.#
#........'.##......#
##.#
#.§@§....'.#........
##.#
#..#S§S≈≈≈≈#..........
##.#
≈≈≈§§≈§S§≈≈≈≈#.#.#####..
##.# ≈≈≈§≈≈§§§§§≈≈#.#.#
#.. ##.##
≈≈≈≈≈≈§≈§≈≈§##.#.# #..
##..##
≈§≈≈§§≈§≈≈§##..#.# #.#
.....##
§§§§≈§≈≈§≈##.....# #.#
..##..##
≈≈≈≈≈≈≈≈§##..#########'#
.......##
##...#####...)..


You could see 3 lava snakes.

Vanquished Creatures
  A yak (D:7)
  The ghost of Sobieck the Digger, an amateur SpEE (D:5)
  Menkaure (D:6)
  Edmund (D:6)
  An ice beast (D:7)
  A phantom (D:5)
  4 ogres
  2 centaurs (D:5)
  A gnoll sergeant (D:7)
  6 bullfrogs
  A howler monkey (D:4)
  An electric eel (D:6)
  An orc priest (D:7)
  A lava snake (D:7)
  4 quasits (D:5)
  A bullfrog skeleton (D:4)
  4 hounds
  Ijyb (D:4)
  2 orc wizards (D:7)
  3 worker ants
  A worker ant zombie (D:7)
  3 gnolls (D:7)
  6 adders
  3 shadow imps
  A white imp (D:7)
  3 oozes
  An adder zombie (D:7)
  5 worms
  5 dart slugs
  5 leopard geckos
  9 orcs
  A ball python (D:2)
  3 giant cockroaches
  9 hobgoblins
  22 jackals
  A quokka (D:6)
  8 bats
  4 frilled lizards
  7 goblins
  A jackal skeleton (D:5)
  11 kobolds
  4 rats
151 creatures vanquished.

Vanquished Creatures (others)
  4 plants (D:6)
4 creatures vanquished.

Grand Total: 155 creatures vanquished

Notes
Turn   | Place    | Note
-------+----------+-------------------------------------------
     0 | D:1      | ALWAYSlose the Minotaur Fighter began the quest for the
                  | Orb.
     0 | D:1      | Reached XP level 1. HP: 19/19 MP: 0/0
   118 | D:1      | Reached XP level 2. HP: 25/27 MP: 1/1
   541 | D:1      | Reached XP level 3. HP: 33/33 MP: 2/2
  1225 | D:2      | Found an opulent altar of Gozag.
  1339 | D:2      | Found a burning altar of Makhleb.
  1340 | D:2      | Found an ornate altar of the Wu Jian Council.
  1342 | D:2      | Found a blossoming altar of Fedhas.
  1562 | D:2      | Reached XP level 4. HP: 40/40 MP: 3/3
  2742 | D:3      | Reached XP level 5. HP: 47/47 MP: 4/4
  2818 | D:3      | Found an ancient bone altar of Kikubaaqudgha.
  2822 | D:3      | Found a shimmering blue altar of Sif Muna.
  2824 | D:3      | Found a radiant altar of Vehumet.
  2828 | D:3      | Identified Vehumet's Almanac of Confrontation
  3210 | D:4      | Found a staircase to the Ecumenical Temple.
  3340 | D:4      | Found a basalt altar of Yredelemnul.
  3651 | D:4      | Reached skill level 5 in Armour
  3651 | D:4      | Reached skill level 5 in Shields
  3730 | D:4      | Noticed Ijyb
  3732 | D:4      | Reached skill level 5 in Fighting
  3732 | D:4      | Reached XP level 6. HP: 51/56 MP: 5/5
  3739 | D:4      | Killed Ijyb
  3863 | D:4      | Found a snail-covered altar of Cheibriados.
  4048 | D:5      | Entered Level 5 of the Dungeon
  4115 | D:5      | Found a sacrificial altar of Ru.
  4127 | D:5      | Became a worshipper of Ru the Awakened
  4158 | D:5      | Reached skill level 5 in Maces & Flails
  4158 | D:5      | Reached XP level 7. HP: 45/62 MP: 6/6
  4372 | D:5      | Found a transporter.
  4377 | D:5      | Noticed Sobieck's ghost (amateur SpEE)
  4518 | D:5      | Found an iron altar of Okawaru.
  4519 | D:5      | Found a bloodstained altar of Trog.
  4591 | D:5      | Found a transporter.
  4661 | D:5      | Found a sacrificial altar of Ru.
  4685 | D:5      | Found a broken altar of Ashenzari.
  4688 | D:5      | Found a glowing golden altar of the Shining One.
  5168 | D:5      | Killed Sobieck's ghost
  5175 | D:5      | Reached XP level 8. HP: 57/71 MP: 7/7
  5181 | D:5      | Got an ichor-stained leather armour
  5450 | D:6      | Gained mutation: You cannot be stealthy. [Ru sacrifice]
  5562 | D:6      | Noticed Edmund
  5571 | D:6      | Noticed Menkaure
  5582 | D:6      | Killed Menkaure
  6082 | D:6      | Killed Edmund
  6461 | D:7      | Identified the +0 leather armour "Zitt" {MP+9} (You found
                  | it on level 5 of the Dungeon)
  6834 | D:7      | Reached XP level 9. HP: 75/81 MP: 8/8
  6962 | D:7      | Found a stormy altar of Qazlal.
  7442 | D:7      | Killed from afar by a lava snake

Illustrated notes

Levels and vault maps discovered:
D:1:      lightli_arrival_farm, layout_basic, st_stairs_7
D:2:      layout_basic, overflow_temple_1_default,
          chequers_temple_overflow_statue_of_worship, minmay_misc_feat_tiny
D:3:      layout_loops_corners, grunt_temple_overflow_magic_moments
D:4:      layout_basic, overflow_temple_1_default, overflow_temple_1_default,
          temple_green, kennysheep_generic_room_8, uniq_ijyb
D:5:      layout_gridville, grunt_temple_overflow_bloody_war, minitemple,
          gammafunk_ghost_stat_death, nicolae_ru_awakened_eye
D:6:      layout_loops_ring, chequers_big_river, kennysheep_doodads,
          nrook_pool_corridor, hangedman_decor_opposing, uniq_menkaure,
          uniq_edmund
D:7:      kennysheep_big_flooded_room, layout_basic, lemuel_crystal_altar

Skill      XL: |  1  2  3  4  5  6  7  8  9 |
---------------+----------------------------+-----
Shields        | 4 5 6 7 8 |  8.3
Fighting       | 4 5 6 7 8 |  8.3
Armour         | 4 5 6 7 8 |  8.3
Maces & Flails | 3 4 5 6 7 |  7.9

Action                   |  1- 3 |  4- 6 |  7- 9 || total
-------------------------+-------+-------+-------++-------
Melee: Flail             |    81 |   148 |   155 ||   384
       Headbutt          |    13 |    33 |    43 ||    89
Throw: Throwing net      |       |       |     1 ||     1
Invok: Sacrifice Stealth |       |       |     1 ||     1
  Use: Potion            |       |       |     1 ||     1
       Scroll            |       |       |     2 ||     2
 Stab: Held in net/web   |       |       |     1 ||     1
Armor: Scale mail        |    32 |    80 |    64 ||   176
       Ring mail         |       |       |    17 ||    17
Dodge: Dodged            |    25 |    43 |    71 ||   139
Block: Kite shield       |    38 |    92 |    96 ||   226

Table legend: (Time is in decaauts)
 A = Elapsed time spent in this place.
 B = Non-inter-level travel time spent in this place.
 C = Inter-level travel time spent in this place.
 D = Time resting spent in this place.
 E = Time spent auto-exploring this place.
 F = Levels seen in this place.
 G = Mean time per level.
                   A        B        C        D        E       F      G
               +--------+--------+--------+--------+--------+-----+--------+
         Total |   7552 |   7246 |    306 |    308 |   5949 |   7 | 1078.9 |
       Dungeon |   7552 |   7246 |    306 |    308 |   5949 |   7 | 1078.9 |
               +--------+--------+--------+--------+--------+-----+--------+

Top non-repeatable levels by time:
     D:2: 1229 daAuts
     D:5: 1218 daAuts
     D:6: 1142 daAuts
     D:7: 1060 daAuts
     D:1: 1042 daAuts
     D:3: 973 daAuts
     D:4: 887 daAuts
